Map: Doraelus Hills

Players

Macon - Winner!

  • Race: Protoss Protoss
  • Spawn Location: 1:00

FUZI - Winner!

  • Race: Terran Terran
  • League: Platinum
  • Spawn Location: 12:00

Amix - Winner!

  • Race: Zerg Zerg
  • League: Platinum
  • Spawn Location: 0:00

Swarmlord

  • Race: Zerg Zerg
  • Spawn Location: 0:00

FTO

  • Race: Protoss Protoss
  • Spawn Location: 7:00

Hoem

  • Race: Protoss Protoss
  • Spawn Location: 6:00

VOD

Have the link to the VOD?

Description

Time

  • Played on: Nov. 12, 2016, 4:21 p.m.
  • Length: 17:48
Show
View Real Time Build Order
Export as new Build Order

Macon Protoss - Winner!

Build Orders: 1 Gate Expand 

Get SALT Encoding   

  12  0:01  Probe (Chrono Boost)  
  13  0:11  Probe (Chrono Boost)  
  14  0:17  Pylon  
  14  0:22  Probe (Chrono Boost)  
  16  0:35  Probe (Chrono Boost)  
  16  0:38  Gateway  
  16  0:44  Assimilator  
  16  0:47  Probe (Chrono Boost)  
  17  0:56  Pylon  
  17  1:17  Probe (Chrono Boost)  
  18  1:34  Probe (Chrono Boost)  
  18  1:37  Nexus  
  19  1:43  Zealot (Chrono Boost)  
  19  1:45  Probe  
  22  1:55  Pylon  
  22  2:07  Probe (Chrono Boost)  
  23  2:19  Probe (Chrono Boost), Cybernetics Core  
  23  2:22  Assimilator  
  24  2:44  Nexus  
  24  2:46  Warp Gate  
  24  2:47  Probe (Chrono Boost)  
  27  3:08  Stalker (Chrono Boost)  
  27  3:13  Probe x2  
  29  3:23  Stargate  
  29  3:25  Probe  
  29  3:26  Probe  
  31  3:38  Probe x2  
  33  3:42  Stalker (Chrono Boost)  
  35  3:50  Probe x2  
  37  3:57  Stargate  
  37  4:02  Gateway, Probe  
  38  4:03  Probe  
  38  4:07  Assimilator  
  38  4:08  Sentry (Chrono Boost)  
  41  4:17  Phoenix (Chrono Boost)  
  43  4:25  Probe x2  
  43  4:26  Probe  
  46  4:37  Protoss Air Weapons Level 1, Probe  
  46  4:38  Probe x2  
  49  4:41  Phoenix (Chrono Boost)  
  49  4:43  Phoenix (Chrono Boost)  
  53  4:49  Probe  
  54  4:58  Probe x2  
  56  5:02  Probe  
  56  5:03  Assimilator  
  56  5:05  Assimilator, Pylon  
  57  5:10  Probe  
  58  5:15  Stalker  
  58  5:16  Stalker  
  58  5:20  Probe  
  58  5:21  Probe  
  64  5:27  Probe, Pylon  
  65  5:32  Probe  
  65  5:34  Probe  
  67  5:37  Phoenix (Chrono Boost)  
  69  5:45  Forge  
  69  5:49  Phoenix (Chrono Boost)  
  71  5:50  Probe  
  72  5:59  Stalker  
  72  6:00  Stalker  
  76  6:07  Gateway  
  76  6:08  Pylon  
  76  6:12  Probe x2  
  76  6:15  Probe  
  76  6:17  Assimilator  
  79  6:23  Protoss Air Armor Level 1, Phoenix (Chrono Boost)  
  79  6:24  Probe x2  
  83  6:27  Probe, Phoenix (Chrono Boost)  
  86  6:33  Protoss Shields Level 1 (Chrono Boost)  
  86  6:44  Stalker  
  86  6:45  Stalker, Phoenix  
  92  6:58  Twilight Council  
  92  7:00  Gateway  
  92  7:01  Pylon  
  92  7:04  Probe  
  93  7:19  Probe x3  
  96  7:27  Stalker x2  
  100  7:34  Pylon  
  100  7:35  Pylon  
  100  7:45  Probe  
  101  7:52  Probe, Gateway, Mothership Core  
  101  7:53  Gateway  
  101  7:55  Stalker  
  101  7:56  Stalker, Pylon  
  101  7:57  Pylon  
  108  8:12  Stargate x2  
  108  8:14  Pylon  
  108  8:15  Protoss Ground Weapons Level 1 (Chrono Boost)  
  108  8:16  Phoenix  
  108  8:19  Phoenix  
  112  8:21  Probe  
  113  8:27  Pylon  
  113  8:28  Pylon  
  113  8:31  Stalker  
  113  8:32  Stalker  
  113  8:33  Stalker x2  
  121  8:50  Phoenix  
  121  8:53  Phoenix  
  121  8:54  Nexus, Assimilator  
  125  8:56  Stalker x2, Assimilator, Pylon  
  125  8:57  Stalker  
  131  9:06  Fleet Beacon  
  131  9:13  Forge  
  131  9:20  Probe x3  
  134  9:25  Stalker x2  
  134  9:31  Void Ray  
  138  9:32  Probe x2, Void Ray  
  138  9:33  Probe  
  149  9:38  Protoss Air Weapons Level 2  
  149  9:45  Protoss Ground Weapons Level 2 (Chrono Boost)  
  149  9:48  Protoss Ground Armor Level 1 (Chrono Boost)  
  149  9:57  Graviton Catapult  
  149  9:58  Void Ray  
  153  10:00  Probe x2  
  155  10:13  Probe  
  155  10:15  Probe x3  
  159  10:24  Nexus  
  159  10:26  Stalker  
  167  10:35  Blink (Chrono Boost)  
  167  10:39  Void Ray  
  167  10:40  Void Ray  
  175  10:51  Probe x3  
  175  10:52  Probe  
  175  10:57  Pylon  
  179  11:03  Probe, Stargate, Pylon  
  179  11:04  Anion Pulse-Crystals (Chrono Boost)  
  180  11:14  Void Ray x2  
  180  11:16  Protoss Shields Level 2  
  188  11:19  Pylon x2  
  186  11:36  Gateway  
  186  11:37  Gateway  
  186  11:45  Void Ray  
  186  11:46  Void Ray  
  148  12:14  Void Ray x2  
  133  12:20  Probe  
  133  12:21  Probe  
  133  12:22  Probe x2  
  123  12:28  Void Ray x2  
  130  12:31  Probe  
  130  12:33  Probe  
  130  12:34  Probe x2  
  134  12:39  Nexus  
  134  12:57  Void Ray x2  
  142  13:07  Assimilator  
  142  13:08  Assimilator  
  142  13:11  Void Ray, Phoenix  
  148  13:16  Protoss Air Weapons Level 3  
  148  13:24  Protoss Shields Level 3  
  148  13:36  Void Ray  
  148  13:40  Void Ray x2  
  160  13:53  Protoss Ground Weapons Level 3  
  160  13:54  Void Ray  
  160  14:19  Void Ray  
  160  14:23  Void Ray, Phoenix  
  169  14:37  Phoenix  
  171  15:22  Phoenix  
  171  16:13  Pylon  
  171  16:14  Pylon  
  171  16:16  Pylon  
  171  16:30  Phoenix x4  
  179  16:52  Nexus  
  179  16:55  Void Ray x2, Phoenix x2  
  179  16:56  Assimilator  
  179  16:57  Assimilator  
  179  16:58  Nexus  
  191  17:05  Pylon  
  191  17:08  Assimilator  
  191  17:13  Assimilator  
Show
View Real Time Build Order
Export as new Build Order

FUZI Terran - Winner!

Build Orders: MMM Bio 

Get SALT Encoding   

  12  0:01  SCV  
  13  0:15  Supply Depot  
  13  0:18  SCV  
  14  0:27  Refinery  
  14  0:44  Barracks  
  14  0:46  SCV  
  15  1:24  SCV  
  16  1:37  Bunker  
  16  1:42  Marine  
  16  1:45  Supply Depot  
  17  1:57  Supply Depot  
  17  2:03  Marine  
  18  2:20  Orbital Command  
  18  2:31  Command Center  
  18  2:32  Barracks Tech Lab  
  18  2:47  Engineering Bay  
  18  2:51  SCV  
  19  2:52  Marine  
  20  3:05  SCV  
  21  3:14  Stimpack  
  21  3:19  Factory  
  21  3:23  Refinery  
  21  3:26  SCV  
  22  3:31  Missile Turret  
  22  3:40  Barracks, SCV  
  23  3:44  Marine  
  24  4:06  SCV, Missile Turret  
  25  4:12  Factory Tech Lab  
  25  4:14  SCV  
  26  4:24  Supply Depot  
  26  4:26  SCV  
  27  4:36  Barracks Reactor  
  27  4:39  Siege Tank  
  30  4:48  SCV  
  30  4:49  SCV  
  32  4:59  Starport  
  32  5:00  SCV  
  32  5:01  Marine, SCV  
  35  5:12  SCV  
  36  5:17  Combat Shields  
  36  5:19  Terran Infantry Weapons Level 1  
  36  5:20  Marine x3  
  39  5:30  Barracks, SCV  
  39  5:31  SCV  
  41  5:38  Marine x3  
  41  5:41  Starport Reactor  
  44  5:46  Engineering Bay, Missile Turret  
  44  5:47  SCV x2  
  46  5:54  Refinery  
  46  5:56  Refinery  
  46  5:59  SCV x2, Missile Turret  
  46  6:01  Marine  
  49  6:07  Siege Tank  
  53  6:11  SCV x2  
  53  6:13  Terran Infantry Armor Level 1  
  53  6:17  Medivac  
  53  6:18  Medivac  
  58  6:23  SCV  
  59  6:32  Barracks Tech Lab  
  59  6:33  Marine  
  59  6:34  Marauder  
  62  6:43  Supply Depot  
  62  6:45  Supply Depot  
  62  7:01  Supply Depot  
  62  7:02  Supply Depot, Missile Turret  
  62  7:04  Marine, Supply Depot  
  62  7:05  SCV x2  
  65  7:12  Marine x3, Siege Tank  
  65  7:13  Medivac  
  73  7:22  Marine  
  73  7:23  Missile Turret  
  73  7:29  Marine  
  74  7:30  Marine, Marauder  
  74  7:32  SCV x2, Missile Turret  
  80  7:42  Marine  
  81  7:47  Marine  
  81  7:48  Marauder  
  84  7:51  Marine, Armory  
  85  7:58  Supply Depot  
  85  8:01  Supply Depot  
  85  8:10  Marine x4  
  89  8:12  Widow Mine  
  89  8:15  SCV x2  
  93  8:25  Missile Turret  
  93  8:27  Marine  
  93  8:28  Marauder  
  93  8:33  Marine x2, Missile Turret x2  
  98  8:36  SCV  
  98  8:37  SCV, Missile Turret  
  100  8:45  Marine  
  100  8:48  Terran Infantry Weapons Level 2  
  101  8:49  Marine  
  101  8:51  Marine x2  
  101  8:55  Terran Infantry Armor Level 2  
  104  8:58  Concussive Shells  
  104  9:08  Marine x2, Marauder  
  104  9:09  Marauder  
  110  9:11  SCV x2  
  112  9:25  Marine  
  112  9:26  Medivac, Siege Tank  
  118  9:32  Marine x2  
  118  9:33  Marauder  
  118  9:35  Supply Depot x2  
  122  9:46  Command Center  
  122  10:01  Missile Turret  
  122  10:04  Sensor Tower  
  122  10:05  Missile Turret  
  122  10:08  Missile Turret  
  122  10:21  Marine  
  122  10:22  Marine x2  
  122  10:23  Marauder, Siege Tank  
  122  10:25  Sensor Tower  
  122  10:26  SCV  
  122  10:27  SCV  
  132  10:39  Marine  
  132  10:40  Marauder  
  135  10:55  Sensor Tower  
  135  10:58  Orbital Command  
  135  11:00  SCV  
  135  11:04  Planetary Fortress  
  136  11:07  Medivac x2  
  136  11:08  Marine x3, Marauder  
  145  11:11  Terran Infantry Weapons Level 3  
  145  11:12  SCV  
  146  11:42  Sensor Tower  
  146  11:51  Missile Turret  
  146  11:52  Missile Turret x2  
  146  11:54  Refinery  
  146  11:56  Refinery  
  101  12:28  Marine x4  
  93  12:46  Marine x4  
  93  12:49  Terran Infantry Armor Level 3, Barracks  
  93  12:50  Barracks x2  
  97  12:51  Barracks  
  97  12:54  Barracks  
  97  12:59  Siege Tank  
  97  13:00  Medivac x2  
  97  13:03  Marine  
  97  13:04  Marine  
  106  13:21  Marine, Marauder  
  106  13:22  Command Center  
  106  13:25  Missile Turret  
  106  13:26  Missile Turret  
  109  13:27  Marine x2  
  109  13:29  Missile Turret  
  109  13:30  Medivac  
  113  13:39  Marine  
  116  13:41  Barracks Tech Lab x2  
  116  13:42  Barracks Reactor, Marine  
  116  13:43  Barracks Reactor  
  115  13:55  Barracks Reactor  
  115  13:57  Supply Depot  
  115  14:01  Marine  
  115  14:02  Marine x3, Marauder x2  
  122  14:19  Marine x2  
  122  14:20  Marauder x2  
  122  14:24  Marauder  
  129  14:41  Marine x3  
  129  14:42  Marine x4  
  129  14:43  Marauder x2  
  96  15:07  Marine x2  
  96  15:08  Marine x4, Marauder x3  
  96  15:09  Marauder  
  85  15:40  Marine x5  
  85  15:41  Marine, Marauder x3  
  97  15:49  Planetary Fortress  
  97  16:02  Marauder  
  99  16:11  Marine x3  
  99  16:12  Barracks Tech Lab  
  99  16:13  Barracks Reactor, Marine  
  99  16:14  Marine x2, Marauder x2  
  109  16:22  Medivac  
  109  16:23  Marine  
  112  16:29  Marine x3  
  115  16:36  Marauder  
  117  16:52  Missile Turret x2  
  117  16:54  Missile Turret x2  
  117  16:55  Marine x5, Marauder  
  117  16:56  Marine x3, Marauder x2  
  117  16:57  Marauder  
  133  17:12  Marine  
  133  17:13  Marine x2  
  136  17:16  Refinery  
  136  17:17  Marauder x2  
  140  17:29  Marine x4  
  145  17:30  Marine  
  152  17:43  Supply Depot  
Show
View Real Time Build Order
Export as new Build Order

Amix Zerg - Winner!

Build Orders: Pool First 

Get SALT Encoding   

  12  0:05  Drone  
  13  0:14  Drone  
  13  0:15  Extractor  
  13  0:31  Spawning Pool  
  13  0:33  Drone  
  13  0:38  Drone  
  14  0:48  Overlord  
  14  0:57  Extractor  
  14  0:58  Drone  
  15  1:07  Drone x2  
  17  1:17  Metabolic Boost  
  17  1:20  Zergling x2  
  18  1:30  Zergling x2  
  19  1:39  Zergling x2  
  20  1:53  Zergling x2  
  20  2:26  Zergling x4  
  20  2:28  Overlord  
  22  2:48  Hatchery  
  20  3:37  Zergling x6  
  23  3:55  Zergling x2  
  24  4:00  Drone  
  27  4:05  Queen  
  27  4:07  Zergling x2  
  30  4:16  Extractor  
  30  4:17  Drone x2  
  30  4:22  Queen  
  31  4:25  Evolution Chamber, Overlord  
  31  4:26  Overlord  
  31  4:27  Evolution Chamber  
  29  4:34  Baneling Nest  
  29  4:36  Drone x2  
  30  4:50  Drone, Hatchery  
  30  4:51  Drone  
  31  4:59  Zerg Melee Weapons Level 1  
  31  5:00  Zerg Ground Armor Level 1  
  31  5:01  Drone x2  
  31  5:04  Queen  
  35  5:15  Zergling x8  
  39  5:21  Zergling x4  
  39  5:28  Overlord  
  41  5:39  Drone x4  
  45  6:03  Drone x2  
  45  6:04  Drone x3  
  50  6:05  Drone  
  51  6:16  Drone x3  
  51  6:17  Drone x3  
  57  6:20  Extractor x2  
  57  6:23  Lair  
  55  6:50  Zergling x2  
  55  6:51  Zergling x8  
  55  6:52  Zergling x12  
  55  7:21  Spore Crawler  
  52  7:25  Spore Crawler x2  
  52  7:27  Spore Crawler x2  
  52  7:28  Spore Crawler  
  52  7:29  Spore Crawler x2  
  45  7:30  Drone x3  
  45  7:31  Drone x2, Spore Crawler  
  45  7:32  Zergling x2  
  50  7:42  Queen  
  52  8:02  Drone x6  
  58  8:10  Zerg Melee Weapons Level 2  
  58  8:20  Zergling x6  
  58  8:21  Zergling x2  
  62  8:54  Zergling x6  
  62  8:55  Zergling x2  
  65  8:56  Overlord  
  65  8:57  Overlord x5  
  65  9:24  Centrifical Hooks  
  65  9:32  Spore Crawler  
  65  9:33  Spore Crawler  
  65  9:34  Drone x7, Spore Crawler  
  69  9:42  Hatchery  
  68  9:54  Zerg Ground Armor Level 2  
  68  10:01  Pneumatized Carapace  
  68  10:05  Queen  
  68  10:06  Queen  
  72  10:14  Spore Crawler  
  71  10:21  Baneling  
  71  10:22  Baneling x6  
  71  10:23  Baneling x9  
  71  10:24  Baneling  
  71  10:33  Zergling x8  
  71  10:34  Zergling x2  
  76  10:42  Drone x4  
  80  10:55  Zergling x4  
  80  10:56  Zergling x8  
  86  11:11  Infestation Pit  
  85  11:23  Drone x4  
  89  11:28  Drone x3  
  92  11:42  Spore Crawler  
  92  11:44  Spore Crawler  
  92  11:45  Spore Crawler  
  92  11:46  Baneling, Spore Crawler  
  92  11:47  Baneling x2, Spore Crawler  
  88  11:48  Baneling x16  
  88  11:49  Baneling x3  
  66  12:12  Zergling x2  
  66  12:13  Zergling x26  
  69  12:24  Drone x2  
  71  12:33  Zergling x6  
  74  12:46  Baneling x12  
  74  12:47  Baneling x15  
  74  12:53  Hive  
  76  13:05  Zergling x6  
  76  13:06  Zergling x18  
  86  13:33  Zergling x24  
  88  13:59  Zergling x2  
  88  14:00  Zergling x18  
  76  14:47  Zergling x2  
  76  14:48  Zergling x36  
  95  14:59  Zergling x2  
  97  15:00  Zergling x8  
  100  15:07  Hatchery  
  100  15:11  Extractor  
  100  15:12  Extractor  
  100  15:13  Spire  
  90  17:26  Zergling x2  
  90  17:27  Zergling x52  
  90  17:28  Zergling x18  
Show
View Real Time Build Order
Export as new Build Order

Swarmlord Zerg 

Build Orders: Pool First 

Get SALT Encoding   

  12  0:04  Drone  
  13  0:10  Drone  
  14  0:19  Drone, Extractor  
  14  0:45  Spawning Pool  
  14  0:48  Drone  
  14  0:53  Overlord  
  14  1:28  Hatchery  
  14  1:30  Drone x3  
  16  1:38  Metabolic Boost  
  16  1:47  Drone  
  17  2:17  Zergling x6  
  17  2:19  Queen  
  22  2:27  Spine Crawler  
  21  2:35  Zergling x2  
  22  3:32  Extractor  
  21  3:34  Drone x3  
  23  3:43  Zergling x4  
  27  4:01  Overlord  
  25  4:03  Lair  
  25  4:04  Zergling x2  
  26  4:12  Drone, Extractor  
  26  4:20  Drone x2, Queen  
  26  4:22  Hatchery  
  29  4:27  Drone x3  
  29  4:30  Drone x3  
  35  4:43  Overlord  
  35  5:05  Spire  
  34  5:08  Drone x6  
  34  5:09  Drone x2  
  42  5:15  Overseer  
  42  5:18  Drone  
  43  5:23  Overlord  
  43  5:29  Overlord x2  
  43  5:33  Queen  
  43  5:34  Extractor  
  44  5:43  Drone  
  44  5:44  Queen  
  44  5:46  Drone  
  44  5:48  Drone x4, Extractor  
  51  5:56  Drone  
  51  5:57  Drone x2  
  54  5:58  Drone  
  54  6:02  Drone  
  56  6:05  Drone x2  
  58  6:11  Overlord  
  58  6:12  Drone x2  
  60  6:19  Mutalisk  
  60  6:20  Mutalisk x2  
  66  6:30  Mutalisk  
  66  6:31  Mutalisk x2  
  66  6:32  Mutalisk  
  74  6:35  Mutalisk  
  76  6:43  Zerg Flyer Weapons Level 1  
  76  6:44  Mutalisk x2  
  80  7:09  Overlord x3  
  76  7:50  Infestation Pit  
  75  7:52  Corruptor, Mutalisk x2  
  75  7:53  Corruptor x6  
  75  7:54  Corruptor x2  
  97  7:59  Overseer  
  97  8:21  Corruptor  
  97  8:22  Corruptor x2  
  103  8:29  Drone x2, Hive  
  105  8:35  Overlord  
  105  8:36  Overlord x4  
  105  8:39  Extractor  
  103  9:00  Corruptor x3  
  103  9:01  Drone, Overlord x2  
  110  9:11  Corruptor, Overlord x2  
  110  9:12  Corruptor x2  
  116  9:24  Corruptor x2  
  120  9:40  Greater Spire  
  120  10:29  Overlord  
  120  10:30  Corruptor x3, Overlord  
  120  10:31  Corruptor x2, Overlord  
  130  10:53  Brood Lord x5  
  140  10:59  Brood Lord  
  142  11:12  Brood Lord  
  150  11:40  Brood Lord x3  
  150  11:41  Hatchery  
  149  11:51  Zerg Flyer Weapons Level 2  
  85  12:28  Zergling x2  
  85  12:29  Zergling x36  
  92  12:30  Zergling x42  
  92  12:31  Zergling x2  
  92  12:34  Adrenal Glands  
  102  13:03  Corruptor  
  102  13:04  Corruptor x9  
  114  13:17  Corruptor x4  
  122  13:31  Corruptor x3  
  122  13:32  Corruptor x2  
  131  13:37  Corruptor x2  
  131  13:38  Corruptor  
Show
View Real Time Build Order
Export as new Build Order

FTO Protoss 

Build Orders:  

Get SALT Encoding   

  12  0:03  Probe (Chrono Boost)  
  13  0:27  Probe (Chrono Boost)  
  14  0:38  Probe (Chrono Boost)  
  14  0:39  Pylon  
  14  0:40  Pylon  
  15  0:57  Probe (Chrono Boost)  
  15  1:03  Forge  
  16  1:07  Assimilator  
  16  1:08  Probe (Chrono Boost)  
  18  1:18  Probe (Chrono Boost)  
  18  1:20  Pylon  
  18  1:29  Probe (Chrono Boost)  
  19  1:36  Assimilator  
  19  1:39  Probe (Chrono Boost)  
  20  1:44  Photon Cannon  
  20  1:50  Probe (Chrono Boost)  
  21  1:54  Photon Cannon  
  21  2:00  Probe (Chrono Boost)  
  21  2:27  Pylon  
  21  2:29  Pylon  
  21  2:33  Gateway  
  21  2:34  Gateway  
  21  2:38  Gateway  
  21  3:06  Nexus  
  21  3:42  Cybernetics Core  
  23  3:48  Zealot (Chrono Boost)  
  23  3:52  Zealot x2 (Chrono Boost)  
  27  4:15  Pylon  
  27  4:23  Warp Gate (Chrono Boost)  
  27  4:25  Photon Cannon  
  27  4:26  Mothership Core  
  29  4:35  Probe, Pylon  
  30  4:45  Probe  
  31  4:56  Probe  
  32  5:06  Probe  
  32  5:13  Protoss Ground Weapons Level 1 (Chrono Boost)  
  33  5:17  Probe  
  34  5:27  Probe, Photon Cannon  
  35  5:35  Robotics Facility  
  35  5:38  Probe  
  35  5:40  Pylon  
  35  5:41  Pylon  
  36  5:44  Robotics Facility  
  36  5:49  Probe  
  36  5:51  Robotics Facility  
  37  5:59  Probe  
  38  6:10  Probe  
  39  6:20  Probe  
  40  6:28  Robotics Bay  
  40  6:30  Probe  
  40  6:31  Probe  
  42  6:37  Assimilator  
  42  6:40  Assimilator  
  42  6:41  Probe  
  42  6:42  Probe  
  42  6:45  Immortal  
  48  6:54  Probe  
  49  7:06  Probe  
  50  7:18  Probe  
  51  7:23  Extended Thermal Lance  
  51  7:26  Disruptor  
  51  7:27  Disruptor  
  51  7:30  Disruptor  
  60  7:57  Disruptor  
  60  7:59  Colossus  
  63  8:11  Colossus  
  63  8:12  Nexus  
  75  8:27  Colossus  
  81  9:17  Protoss Ground Armor Level 1, Pylon  
  81  9:22  Colossus (Chrono Boost)  
  81  9:23  Colossus (Chrono Boost), Pylon  
  93  9:32  Pylon  
  93  9:40  Probe  
  94  9:52  Probe  
  95  9:58  Twilight Council  
  95  10:04  Probe  
  96  10:07  Colossus (Chrono Boost)  
  102  10:16  Probe  
  103  10:23  Pylon  
  103  10:27  Pylon  
  103  10:28  Probe, Pylon  
  103  10:33  Gateway  
  103  10:34  Gateway  
  104  10:38  Gateway, Blink  
  104  10:42  Colossus (Chrono Boost)  
  110  10:53  Assimilator  
  110  10:56  Assimilator  
  110  10:58  Pylon  
  110  11:10  Pylon  
  110  11:11  Protoss Shields Level 1  
  110  11:13  Colossus x2 (Chrono Boost)  
  110  11:17  Pylon  
  122  11:20  Pylon  
  122  11:32  Probe  
  123  11:44  Probe  
  124  11:56  Probe  
  125  12:08  Probe  
  126  12:20  Probe  
  115  12:42  Stalker  
  115  12:44  Stalker  
  115  12:46  Stalker  
  115  12:48  Adept  
  115  12:49  Stalker  
  115  12:51  Stalker  
  121  13:32  Pylon  
  121  13:52  Stalker  
  121  13:54  Stalker  
  124  13:58  Stalker  
  126  14:12  Stalker x2  
  126  14:14  Stalker  
  132  14:26  Stalker  
  132  14:27  Stalker  
  132  14:28  Stalker  
  138  14:41  Stalker  
  138  14:42  Stalker  
  138  14:43  Stalker  
  136  15:04  Stalker  
  136  15:05  Stalker x2  
  136  15:06  Stalker  
  142  15:07  Stalker  
  142  15:08  Stalker  
  46  15:46  Stalker  
  46  15:47  Stalker  
  46  15:48  Stalker  
  33  15:50  Stalker  
  33  15:51  Stalker  
  33  15:52  Stalker  
  9  17:01  Stalker  
  11  17:02  Stalker  
  11  17:03  Stalker  
  11  17:04  Stalker  
  11  17:05  Stalker  
  11  17:06  Stalker  
Show
View Real Time Build Order
Export as new Build Order

Hoem Protoss 

Build Orders: 1 Gate Expand 

Get SALT Encoding   

  12  0:03  Probe (Chrono Boost)  
  13  0:13  Probe (Chrono Boost)  
  14  0:18  Pylon  
  14  0:24  Probe (Chrono Boost)  
  15  0:36  Probe (Chrono Boost)  
  15  0:37  Gateway  
  16  0:47  Probe (Chrono Boost)  
  17  0:57  Probe (Chrono Boost)  
  18  1:09  Assimilator  
  18  1:12  Probe (Chrono Boost)  
  19  1:21  Nexus  
  19  1:24  Probe (Chrono Boost)  
  20  1:34  Probe (Chrono Boost)  
  21  1:40  Cybernetics Core  
  21  1:45  Probe (Chrono Boost)  
  22  1:47  Assimilator  
  22  1:54  Pylon  
  22  1:59  Probe (Chrono Boost)  
  23  2:12  Probe (Chrono Boost)  
  23  2:14  Gateway  
  24  2:23  Probe (Chrono Boost)  
  25  2:33  Probe (Chrono Boost)  
  25  2:34  Mothership Core (Chrono Boost)  
  25  2:35  Warp Gate (Chrono Boost)  
  28  2:45  Probe  
  28  2:48  Stalker  
  31  2:53  Probe  
  31  2:57  Probe  
  33  3:03  Gateway  
  33  3:12  Pylon  
  33  3:14  Probe  
  33  3:15  Probe  
  35  3:24  Probe  
  35  3:26  Stalker x2  
  40  3:27  Probe  
  41  3:35  Probe  
  41  3:36  Gateway  
  40  3:44  Probe  
  40  3:46  Probe  
  42  3:56  Probe x2  
  42  4:00  Assimilator  
  44  4:04  Assimilator  
  44  4:07  Pylon  
  44  4:12  Probe  
  44  4:14  Robotics Facility, Probe  
  46  4:22  Pylon  
  46  4:25  Probe  
  46  4:26  Probe  
  48  4:36  Probe  
  48  4:37  Stalker x3  
  55  4:39  Probe  
  56  4:46  Probe  
  56  4:51  Probe  
  58  4:53  Stalker  
  58  4:59  Probe  
  60  5:03  Probe  
  60  5:05  Observer  
  63  5:12  Pylon  
  63  5:13  Forge  
  63  5:15  Forge  
  63  5:16  Probe  
  63  5:17  Probe, Pylon  
  63  5:20  Stalker  
  67  5:30  Probe  
  67  5:31  Probe  
  69  5:42  Robotics Bay  
  69  5:45  Pylon  
  69  5:46  Protoss Ground Weapons Level 1 (Chrono Boost)  
  69  5:49  Protoss Ground Armor Level 1 (Chrono Boost)  
  69  5:56  Twilight Council  
  69  5:57  Probe x2  
  71  6:09  Probe x2  
  74  6:11  Observer  
  74  6:18  Stalker x4  
  82  6:38  Nexus  
  82  6:45  Nexus  
  82  6:46  Stalker x4  
  90  6:55  Pylon  
  86  7:06  Probe x2  
  84  7:16  Stalker x2  
  84  7:17  Stalker x2  
  84  7:18  Probe x2  
  94  7:30  Probe x2  
  96  7:39  Pylon  
  96  7:40  Colossus  
  102  7:50  Robotics Facility, Probe  
  103  7:51  Stalker x2  
  103  7:52  Protoss Ground Armor Level 2 (Chrono Boost), Stalker, Pylon  
  103  7:53  Stalker  
  111  7:58  Pylon  
  111  7:59  Pylon  
  111  8:04  Extended Thermal Lance  
  111  8:05  Probe  
  112  8:17  Stalker x2  
  116  8:28  Protoss Ground Weapons Level 2 (Chrono Boost), Assimilator  
  116  8:31  Assimilator  
  116  8:36  Assimilator  
  116  8:38  Colossus (Chrono Boost), Assimilator  
  122  8:48  Colossus (Chrono Boost)  
  128  9:05  Gateway  
  128  9:08  Gateway  
  128  9:10  Gateway  
  128  9:16  Stalker x4  
  135  9:27  Colossus (Chrono Boost)  
  135  9:30  Probe x4  
  145  9:42  Probe x2  
  145  9:43  Colossus (Chrono Boost)  
  159  10:14  Colossus (Chrono Boost)  
  159  10:16  Dark Shrine  
  159  10:19  Stalker x2, Pylon  
  159  10:20  Pylon  
  163  10:22  Pylon  
  163  10:25  Protoss Ground Weapons Level 3  
  163  10:26  Protoss Ground Armor Level 3  
  163  10:37  Colossus (Chrono Boost)  
  169  10:59  Stalker x4  
  169  11:00  Stalker x2, Colossus (Chrono Boost)  
  187  11:28  Nexus  
  187  11:30  Pylon  
  187  11:33  Pylon  
  187  11:34  Assimilator  
  187  11:35  Pylon  
  187  11:37  Pylon  
  187  11:38  Assimilator  
  187  11:48  Colossus (Chrono Boost), Warp Prism (Chrono Boost)  
  152  12:11  Stalker x2  
  152  12:12  Stalker x2  
  152  12:13  Stalker  
  116  12:19  Colossus (Chrono Boost)  
  104  12:35  Colossus (Chrono Boost)  
  110  13:06  Colossus (Chrono Boost)  
  116  13:14  Stalker  
  116  13:15  Stalker  
  116  13:16  Stalker  
  116  13:17  Stalker  
  116  13:18  Stalker  
  116  13:19  Stalker  
  128  13:20  Stalker  
  128  13:22  Colossus (Chrono Boost)  
  136  13:38  Stalker  
  136  13:39  Stalker  
  136  13:40  Stalker  
  142  13:41  Stalker  
  142  13:42  Stalker  
  142  13:44  Stalker  
  142  13:46  Stalker  
  87  15:36  Stalker  
  87  15:37  Stalker x2  
  87  15:38  Stalker  
  87  15:39  Stalker  
  97  16:04  Stalker  
  99  16:05  Dark Templar  
  99  16:06  Dark Templar  
  99  16:07  Stalker  
  99  16:08  Stalker  
  47  16:48  Stalker  
  47  16:49  Stalker x2  
  47  16:50  Stalker  
  47  16:51  Stalker  
  40  16:56  Immortal (Chrono Boost)  
  27  17:12  Dark Templar  
  27  17:13  Dark Templar  
  31  17:17  Dark Templar  
  31  17:18  Stalker  
Tags
 
Add a new tag
Caveats
  • Supply blocks, unpowered buildings, or Contaminate may cause inaccurate times.
  • Supply counts are checked every 10 seconds.